 Dungeon Crawl Stone Soup version 0.29-a0-333-gb4c28e87c6 (webtiles) character file.

Game seed: 5274837443751506969

37515 GordonOverkill the Markself (level 13, -2/91 HPs)
             Began as a Deep Elf Hunter on Apr 13, 2022.
             Was a Priest of Ashenzari.
             Slain by a death yak (4 damage)
             ... on level 4 of the Lair of Beasts.
             The game lasted 00:41:06 (18784 turns).

GordonOverkill the Markself (Deep Elf Hunter)      Turns: 18784, Time: 00:41:07

Health: -2/91      AC: 30    Str: 14    XL:     13   Next: 58%
Magic:  15/15      EV: 14    Int: 16    God:    Ashenzari [***...]
Gold:   2156       SH:  5    Dex: 21    Spells: 12/12 levels left

rFire   + + .      SeeInvis +   b - +8 whip of Veoneunt {protect, *Noise rF+ Str+2 Dex+3}
rCold   . . .      Faith    .   (no shield)
rNeg    . . .      Spirit   .   B - +3 ring mail {rF+}
rPois   .          Reflect  +   r - +2 hat of the Cursed Vision {Melee, Fort} (curse)
rElec   .          Harm     .   t - +0 cloak
rCorr   .          Rampage  .   j - +2 pair of gloves of the Prophetic Regret {Range, Elem} (curse)
Will    +....      Clarity  +   u - +2 pair of boots "Boredom of the Sky" {Fort, Bglg} (curse)
Stlth   +.........              D - amulet "Per Aspera Ad Scientiam" {Reflect SH+5, Range, Bglg} (curse)
HPRegen 0.25/turn               d - +4 ring of protection
MPRegen 0.14/turn               o - ring of Ashenzari's Apathy {SInv, Fort, Alch} (curse)

@: under a protective aura
A: no striking features
a: Renounce Religion, Curse Item, Shatter the Chains


You were on level 4 of the Lair of Beasts.
You worshipped Ashenzari.
Ashenzari was most pleased with you.
You visited 3 branches of the dungeon, and saw 17 of its levels.
You also visited: Volcano.

You collected 2156 gold pieces.

Inventory:

Hand Weapons
 a - a +2 vorpal shortbow
 b - the +8 whip of Veoneunt (weapon) {protect, *Noise rF+ Str+2 Dex+3}
   (You found it on level 4 of the Dungeon)

   It grants its wielder temporary protection when it strikes (+7 to AC).
   Str:       It affects your strength (+2).
   Dex:       It affects your dexterity (+3).
   rF:        It protects you from fire.
   *Noise:    It may make noises in combat.
 J - a +0 demon whip of venom
Missiles
 f - 2 throwing nets
Armour
 j - the cursed +2 pair of gloves of the Prophetic Regret (worn) {Range, Elem}
   (You found it on level 1 of the Dungeon)

   It has a curse which improves the following skills: Ranged Combat: Slings,
   Bows, Crossbows and Throwing.
   Elements:  Fire Magic, Ice Magic, Air Magic and Earth Magic.
 r - the cursed +2 hat of the Cursed Vision (worn) {Melee, Fort}
   (You found it on level 6 of the Dungeon)

   It has a curse which improves the following skills: Melee Combat: Short
   Blades, Long Blades, Axes, Maces & Flails, Polearms, Staves and Unarmed
   Combat.
   Fortitude: Armour and Shields.
 t - a +0 cloak (worn)
 u - the cursed +2 pair of boots "Boredom of the Sky" (worn) {Fort, Bglg}
   (You found it on level 8 of the Dungeon)

   It has a curse which improves the following skills: Fortitude: Armour and
   Shields.
   Beguiling: Conjurations, Hexes and Translocations.
 v - a +0 helmet
 B - a +3 ring mail of fire resistance (worn)
Jewellery
 d - a +4 ring of protection (left hand)
 n - a ring of ice
 o - the cursed ring of Ashenzari's Apathy (right hand) {SInv, Fort, Alch}
   (You found it on level 4 of the Dungeon)

   [ring of see invisible]

   SInv:      It lets you see invisible.
   It has a curse which improves the following skills: Fortitude: Armour and
   Shields.
   Alchemy:   Poison Magic and Transmutations.
 D - the cursed amulet "Per Aspera Ad Scientiam" (around neck) {Reflect SH+5, Range, Bglg}
   (You found it on level 7 of the Dungeon)

   [amulet of reflection]

   It reflects blocked missile attacks.
   SH:        It affects your SH (+5).
   It has a curse which improves the following skills: Ranged Combat: Slings,
   Bows, Crossbows and Throwing.
   Beguiling: Conjurations, Hexes and Translocations.
 L - an amulet of the acrobat
Wands
 x - a wand of flame (21)
 y - a wand of paralysis (4)
 z - a wand of mindburst (5)
 I - a wand of iceblast (8)
Scrolls
 c - 3 scrolls of immolation
 g - 8 scrolls of teleportation
 k - 2 scrolls of magic mapping
 p - 3 scrolls of holy word
 w - 2 scrolls of enchant weapon
 G - 3 scrolls of fog
 H - 5 scrolls of amnesia
Potions
 h - 2 potions of curing
 i - 3 potions of flight
 l - a potion of cancellation
 m - a potion of mutation
 q - a potion of heal wounds
 s - 4 potions of magic
 A - 2 potions of brilliance
 C - 2 potions of lignification
 E - 2 potions of ambrosia


   Skills:
 + Level 14.9 Fighting
 - Level 4.0(5.4) Maces & Flails
 - Level 16.0(18.3) Bows
 - Level 5.1(8.2) Armour
 - Level 6.0 Dodging
 - Level 1.2 Stealth
 - Level 5.0 Evocations


You had 12 spell levels left.
You didn't know any spells.
Your spell library contained the following spells:

 Spells                   Type           Power      Damage    Failure   Level
 Apportation              Tloc           0%         N/A       38%         1
 Magic Dart               Conj           0%         1d3       38%         1
 Animate Skeleton         Necr           0%         N/A       41%         1
 Pain                     Necr           0%         1d4       41%         1
 Summon Small Mammal      Summ           0%         N/A       41%         1
 Ensorcelled Hibernation  Hex/Ice        0%         N/A       52%         2
 Static Discharge         Conj/Air       0%         N/A       52%         2
 Call Imp                 Summ           0%         N/A       56%         2
 Sublimation of Blood     Necr           0%         N/A       56%         2
 Conjure Flame            Conj/Fire      0%         6-21      77%         3
 Ignite Poison            Fire/Tmut/Pois 0%         N/A       77%         3
 Mephitic Cloud           Conj/Pois/Air  0%         N/A       77%         3
 Spider Form              Tmut/Pois      0%         N/A       77%         3
 Anguish                  Hex/Necr       0%         N/A       99%         4
 Dispel Undead            Necr           0%         3d6       99%         4
 Fulminant Prism          Conj/Hex       0%         3d6       99%         4
 Iskenderun's Mystic Bla  Conj/Tloc      0%         2d3       99%         4
 Petrify                  Tmut/Erth      0%         N/A       99%         4
 Sticky Flame             Conj/Fire      0%         2d3       99%         4
 Agony                    Necr           0%         N/A       100%        5
 Excruciating Wounds      Necr           0%         N/A       100%        5
 Irradiate                Conj/Tmut      0%         3d13      100%        5
 Lee's Rapid Deconstruct  Erth           0%         3d5*      100%        5


Dungeon Overview and Level Annotations

Branches:
Dungeon (11/15)            Temple (1/1) D:5            Lair (5/6) D:8
  Swamp (0/4) Lair:2       Spider (0/4) Lair:3      Volcano (visited)
  Slime: Lair:5-6       Orc: D:9-12

Altars:
Ashenzari
Cheibriados
Dithmenos
Elyvilon
Fedhas
Gozag
Hepliaklqana
Kikubaaqudgha
Makhleb
Nemelex Xobeh
Okawaru
Qazlal
Ru
Sif Muna
Trog
Uskayaw
Vehumet
Wu Jian
Xom
Yredelemnul
Zin
The Shining One

Shops:
D:8 =

Annotations:
D:8 Erica
D:11 1 runed translucent door, mfcas's ghost, journeyman MiFi


Message History

The death yak snorts and paws the ground.
You block the death yak's attack.
You hit the death yak but do no damage.
The death yak is moderately wounded.
You whack the death yak!
The death yak is heavily wounded.
The death yak gores you!
* * * LOW HITPOINT WARNING * * *
You hit the death yak but do no damage.
The death yak is heavily wounded.
The death yak gores you.
* * * LOW HITPOINT WARNING * * *
You hit the death yak.
The death yak is heavily wounded.
The death yak gores you!
* * * LOW HITPOINT WARNING * * *
You whack the death yak!
The death yak is severely wounded.
The death yak gores you but does no damage.
You hit the death yak but do no damage.
The death yak is severely wounded.
You hit the death yak.
Your whip of Veoneunt suddenly bursts into laughter!
The death yak is severely wounded.
The death yak gores you!
* * * LOW HITPOINT WARNING * * *
You barely miss the death yak.
The death yak is severely wounded.
The death yak gores you but does no damage.
You hit the death yak but do no damage.
The death yak is heavily wounded.
The death yak gores you!
* * * LOW HITPOINT WARNING * * *
You hit the death yak but do no damage.
The death yak is heavily wounded.
The death yak gores you but does no damage.
You hit the death yak.
The death yak is severely wounded.
The death yak gores you.
You die...

###.....P...........#.#.#......##
# #)....................<......#
# ###..#..#........#P###.......#
## ###...##......#### #.......#
?# #..####...#.# ##.....## .#
###..#.......## ######..## ##
##........#...#####.P# ####
####.........##........##
P##P.........#..@......####
##..P........##..Y........#
.#P....>....[###........###
.............###........#
..............###.......#
...............##.......##
P.............###........#
.............## ###..##.##
#####.......## #######


You could see a death yak.

Vanquished Creatures
  Snorg (D:11)
  A boulder beetle (D:11)
  3 hydras
  A catoblepas (Lair:4)
  2 two-headed ogres
  2 death yaks
  A sun demon (Volcano)
  Amaemon (D:8)
  2 oklob plants (Lair:3)
  2 cyclopes (D:11)
  2 ugly things (Volcano)
  A will-o-the-wisp (Lair:2)
  10 elephants
  3 black mambas
  Maurice (D:8)
  A molten gargoyle (Volcano)
  A gargoyle (D:10)
  7 cane toads
  2 rime drakes
  8 komodo dragons
  An orange demon (D:8)
  2 red devils (Volcano)
  2 hornets
  A troll (D:11)
  6 slime creatures
  10 blink frogs (Lair:4)
  Sigmund (D:3)
  2 shadows (D:11)
  4 wyverns
  4 basilisks
  Eustachio (D:6)
  4 wraiths
  29 yaks
  Grum (D:8)
  2 steam dragons
  14 water moccasins
  2 sky beasts (D:7)
  5 orc warriors
  An ice beast (D:5)
  4 ogres
  8 wolves
  3 centaurs
  A phantom (D:7)
  A kobold brigand (D:7)
  A necrophage (D:6)
  4 scorpions (Lair:3)
  6 bullfrogs
  2 gnoll sergeants
  9 wights
  3 killer bees (D:10)
  An electric eel (D:9)
  A howler monkey (D:4)
  3 lava snakes (Volcano)
  2 jellies (D:5)
  8 hounds
  5 orc priests
  Natasha (twice) (D:3)
  An iguana (D:5)
  Ijyb (D:2)
  6 orc wizards
  8 gnolls
  8 adders
  2 white imps
  2 ufetubi
  6 worms
  2 dart slugs
  25 orcs
  6 ball pythons
  2 bats (D:2)
  5 endoplasms
  A giant cockroach (D:1)
  10 goblins
  5 hobgoblins
  8 kobolds
  4 quokkas
  A frilled lizard (D:1)
  9 rats
  A spectral goblin (D:1)
321 creatures vanquished.

Vanquished Creatures (collateral kills)
  A hell knight (Volcano)
  A molten gargoyle (Volcano)
2 creatures vanquished.

Vanquished Creatures (others)
  8 foxfires (Lair:2)
  11 fungi
  9 plants
28 creatures vanquished.

Grand Total: 351 creatures vanquished

Notes
Turn   | Place    | Note
-------+----------+-------------------------------------------
     0 | D:1      | GordonOverkill the Deep Elf Hunter began the quest for the
                  | Orb.
     0 | D:1      | Reached XP level 1. HP: 12/12 MP: 3/3
    88 | D:1      | Reached XP level 2. HP: 13/17 MP: 4/4
   227 | D:1      | Reached skill level 6 in Bows
   253 | D:1      | Reached XP level 3. HP: 21/21 MP: 5/5
   415 | D:1      | Found a faded altar of an unknown god.
  1451 | D:3      | Noticed Ijyb
  1455 | D:3      | Reached skill level 7 in Bows
  1455 | D:3      | Reached XP level 4. HP: 22/27 MP: 6/6
  1620 | D:2      | Killed Ijyb
  1884 | D:3      | Reached XP level 5. HP: 31/32 MP: 7/7
  1999 | D:3      | Noticed Sigmund
  2001 | D:3      | Killed Sigmund
  2002 | D:3      | Reached skill level 8 in Bows
  2002 | D:3      | Reached XP level 6. HP: 37/37 MP: 8/8
  2031 | D:3      | Noticed Natasha
  2038 | D:3      | Killed Natasha
  2070 | D:3      | Reached skill level 9 in Bows
  2215 | D:3      | Noticed Natasha
  2216 | D:3      | Killed Natasha
  2585 | D:4      | Identified the +8 whip of Veoneunt {protect, *Noise rF+
                  | Str+2 Dex+3}
  2971 | D:4      | Reached XP level 7. HP: 42/42 MP: 9/9
  3022 | D:5      | Entered Level 5 of the Dungeon
  3022 | D:5      | Found a glowing golden altar of the Shining One.
  3041 | D:5      | Reached skill level 1 in Maces & Flails
  3051 | D:5      | Reached skill level 10 in Bows
  3513 | D:5      | Found a staircase to the Ecumenical Temple.
  3605 | D:5      | Reached skill level 11 in Bows
  3612 | D:5      | Reached XP level 8. HP: 42/48 MP: 10/10
  3681 | Temple   | Entered the Ecumenical Temple
  4042 | Temple   | Became a worshipper of Ashenzari the Shackled
  4983 | D:6      | Noticed Eustachio
  4991 | D:6      | Killed Eustachio
  4992 | D:6      | Reached skill level 12 in Bows
  5458 | D:7      | Reached skill level 13 in Bows
  5536 | D:7      | Reached XP level 9. HP: 43/52 MP: 11/11
  6098 | D:7      | Reached skill level 1 in Armour
  6235 | D:8      | Reached skill level 14 in Bows
  6675 | D:8      | Reached skill level 15 in Bows
  7010 | D:8      | Noticed an orange demon
  7051 | D:8      | Noticed Amaemon
  7099 | D:8      | Killed Amaemon
  7100 | D:8      | Reached skill level 16 in Bows
  7100 | D:8      | Reached XP level 10. HP: 56/56 MP: 12/12
  7116 | D:8      | Killed an orange demon
  7117 | D:8      | Reached skill level 1 in Evocations
  7421 | D:8      | Noticed an elephant
  7440 | D:8      | Killed an elephant
  7555 | D:8      | Noticed Grum
  7599 | D:8      | Killed Grum
  7916 | D:8      | Found a staircase to the Lair.
  7926 | D:8      | Reached skill level 5 in Fighting
  8046 | D:8      | Noticed Erica
  8378 | D:8      | Noticed Maurice
  8383 | D:8      | Killed Maurice
  8384 | D:8      | Reached skill level 5 in Evocations
  8402 | D:8      | Found Tonk's Jewellery Shoppe.
  8624 | D:9      | Noticed a two-headed ogre
  8641 | D:9      | HP: 3/60 [two-headed ogre/+0 giant spiked club (1)]
  8642 | D:9      | Killed a two-headed ogre
  8912 | D:9      | Noticed a death yak
  9238 | D:9      | Reached XP level 11. HP: 66/66 MP: 13/13
  9293 | D:9      | Reached * piety under Ashenzari
  9650 | D:9      | Killed a death yak
 10591 | D:10     | Entered Level 10 of the Dungeon
 10707 | D:10     | Noticed a two-headed ogre
 10727 | D:10     | Killed a two-headed ogre
 11347 | D:10     | Reached skill level 10 in Fighting
 11988 | D:11     | Noticed Snorg
 12006 | D:11     | Killed Snorg
 12007 | D:11     | Reached skill level 5 in Armour
 12172 | D:11     | Found a runed translucent door.
 12190 | D:11     | Reached skill level 5 in Dodging
 12217 | D:11     | Reached XP level 12. HP: 76/77 MP: 14/14
 12226 | D:11     | Noticed mfcas's ghost (journeyman MiFi)
 12328 | D:11     | Noticed a boulder beetle
 12340 | D:11     | Killed a boulder beetle
 12680 | Lair:1   | Entered Level 1 of the Lair of Beasts
 12789 | Lair:1   | Reached ** piety under Ashenzari
 13629 | Lair:2   | Found a staircase to the Swamp.
 14380 | Lair:3   | Reached *** piety under Ashenzari
 14424 | Lair:3   | Found a hole to the Spider Nest.
 14471 | Lair:3   | Noticed a seven-headed hydra
 14479 | Lair:3   | Killed a seven-headed hydra
 14597 | Lair:3   | Found a blossoming altar of Fedhas.
 14880 | Lair:3   | Noticed a death yak
 14881 | Lair:3   | Noticed a death yak
 14881 | Lair:3   | Noticed a death yak
 14882 | Lair:3   | Noticed a death yak
 15046 | Lair:3   | Identified a scroll of acquirement
 15154 | Lair:3   | Noticed an eight-headed hydra
 15178 | Lair:3   | Killed an eight-headed hydra
 15224 | Lair:2   | Acquired 857 gold pieces
 15677 | Lair:4   | Reached XP level 13. HP: 88/88 MP: 15/15
 16034 | Lair:4   | Found a dark tunnel.
 16043 | Volcano  | Entered a volcano
 16232 | Volcano  | Found a radiant altar of Vehumet.
 18782 | Lair:4   | HP: 2/91 [death yak (10)]
 18784 | Lair:4   | Slain by a death yak

Illustrated notes

Levels and vault maps discovered:
D:1:      mrwooster_arrival_statue_2, layout_rooms,
          dreamdust_ecumenical_altar_drowned_temple, serial_glass,
          glass_columns_a, glass_columns_a
D:2:      layout_basic, serial_forest, infiniplex_forest_clump_large,
          infiniplex_forest_clump_double, infiniplex_forest_clump_long,
          infiniplex_forest_clump_small, infiniplex_forest_straight_2,
          infiniplex_forest_straight_3, moated_statue
D:3:      layout_basic, chequers_serial_rivers_small_b, uniq_ijyb, uniq_natasha,
          uniq_sigmund
D:4:      layout_basic, nrook_uturn
D:5:      layout_rooms, overflow_temple_1_default, temple_hall,
          minmay_chambers_of_fives
D:6:      layout_loops_corners, minmay_misc_feat_diagonals,
          chequers_serial_rivers_micro_e, uniq_eustachio
D:7:      layout_basic
D:8:      layout_layer_cave, david_lair_generic, serial_shops, shop_statue,
          kennysheep_generic_room_4, uniq_maurice, uniq_erica, uniq_amaemon,
          uniq_grum
D:9:      argonaut_augean_stables, layout_loops_ring, enter_bailey_4
D:10:     layout_roguey
D:11:     layout_rooms, ebering_ghost_reflecting_pool, uniq_snorg
Temple:   mainiacjoe_temple_trianglar_array
Lair:1:   layout_cave_pods
Lair:2:   layout_roguey, minmay_swamp_entry_wisps
Lair:3:   layout_gridlike, nicolae_spider_entry_non_spiders,
          hangedman_tree_tricks
Lair:4:   layout_cave_pods, nicolae_volcano_entry_hallway, grunt_megastairs_5
Lair:5:   dpeg_oklob_gauntlet, layout_cave_pods, serial_bayou_shore_a

Skill      XL: |  1  2  3  4  5  6  7  8  9 10 11 12 13 |
---------------+----------------------------------------+-----
Fighting       | 2 3 4 6 10 13 14 | 14.9
Bows           | 6 7 8 9 11 13 16 | 16.0
Maces & Flails | 2 3 4 |  4.0
Armour         | 3 4 5 |  5.1
Evocations     | 5 |  5.0
Dodging        | 6 |  6.0
Stealth        | |  1.2

Action                   |  1- 3 |  4- 6 |  7- 9 | 10-12 | 13-15 || total
-------------------------+-------+-------+-------+-------+-------++-------
Melee: Whip              |       |     4 |   145 |   308 |   127 ||   584
       Punch             |       |       |       |     5 |     3 ||     8
 Fire: Shortbow          |    81 |   128 |   217 |   718 |   259 ||  1403
Invok: Curse Item        |       |       |     1 |     4 |       ||     5
Evoke: Wand              |       |     2 |     5 |    25 |     6 ||    38
  Use: Scroll            |     4 |     4 |    11 |    10 |     1 ||    30
       Potion            |       |     4 |     1 |     5 |     8 ||    18
 Stab: Paralysed         |       |       |       |    29 |       ||    29
       Sleeping          |       |       |       |     1 |       ||     1
       Invisible         |       |       |       |       |     2 ||     2
Armor: Leather armour    |     8 |     6 |       |       |       ||    14
       Ring mail         |       |    15 |       |       |    73 ||    88
       Robe              |       |     7 |    77 |   157 |       ||   241
       Troll leather arm |       |       |       |    60 |    70 ||   130
Dodge: Dodged            |    14 |    59 |    99 |   253 |   162 ||   587
Block: Other             |       |       |       |    64 |    57 ||   121
       Reflection        |       |       |       |     1 |       ||     1

Table legend: (Time is in decaauts)
 A = Elapsed time spent in this place.
 B = Non-inter-level travel time spent in this place.
 C = Inter-level travel time spent in this place.
 D = Time resting spent in this place.
 E = Time spent auto-exploring this place.
 F = Levels seen in this place.
 G = Mean time per level.
                   A        B        C        D        E       F      G
               +--------+--------+--------+--------+--------+-----+--------+
         Total |  18446 |  17840 |    606 |   5019 |   9004 |  18 | 1024.8 |
       Dungeon |  12149 |  11697 |    452 |   3844 |   5526 |  11 | 1104.5 |
        Temple |    392 |    362 |     30 |      0 |    339 |   1 |  392.0 |
          Lair |   5508 |   5384 |    124 |   1172 |   3126 |   5 | 1101.6 |
       Volcano |    394 |    394 |      0 |      3 |     13 |   1 |  394.0 |
               +--------+--------+--------+--------+--------+-----+--------+

Top non-repeatable levels by time:
  Lair:4: 2412 daAuts
     D:8: 2347 daAuts
     D:9: 1692 daAuts
     D:2: 1295 daAuts
    D:10: 1255 daAuts
  Lair:3: 1103 daAuts
     D:6: 1047 daAuts
     D:7: 1030 daAuts
  Lair:1: 1007 daAuts
     D:5: 815 daAuts
    D:11: 739 daAuts
     D:4: 707 daAuts
     D:3: 654 daAuts
  Lair:2: 628 daAuts
     D:1: 564 daAuts
